 Dungeon Crawl Stone Soup version 0.18.1-1-g2f07953 (webtiles) character file.

807 Eucla the Cleaver (level 7, -1/63 HPs)
             Began as a Hill Orc Gladiator on May 7, 2016.
             Was a Follower of Yredelemnul.
             Slain by a sky beast (6 damage)
             ... on level 4 of the Dungeon.
             The game lasted 00:05:05 (3428 turns).

Eucla the Cleaver (Hill Orc Gladiator)              Turns: 3428, Time: 00:05:06

Health: -1/63      AC:  3    Str: 20    XL:     7   Next: 92%
Magic:  7/7        EV: 12    Int:  8    God:    Yredelemnul [*.....]
Gold:   204        SH:  0    Dex: 15    Spells: 0 memorised, 6 levels left

rFire  . . .     SeeInvis .     e - +2 hand axe (vamp)
rCold  . . .     Gourm    .     b - +0 leather armour
rNeg   . . .     Faith    .     (no shield)
rPois  .         Spirit   .     (helmet restricted)
rElec  .         Dismiss  .     (no cloak)
rCorr  .         Reflect  .     (no gloves)
SustAt .         Harm     .     (no boots)
MR     .....                    (no amulet)
Stlth  +.........               (no ring)
                                (no ring)

@: not resistant to hostile enchantments, very unstealthy
A: antennae 1, agile 1, strong 1
a: Animate Remains, Renounce Religion


You were on level 4 of the Dungeon.
You worshipped Yredelemnul.
Yredelemnul was aware of your devotion.
You were hungry.

You visited 1 branch of the dungeon, and saw 5 of its levels.

You collected 204 gold pieces.

Inventory:

Hand Weapons
 a - a +0 war axe
 e - a +2 vampiric hand axe (weapon)
Missiles
 d - 4 throwing nets (quivered)
Armour
 b - a +0 leather armour (worn)
 c - a +0 helmet
 g - a +0 helmet
Jewellery
 l - an uncursed amulet of dismissal
Wands
 n - a wand of lightning (10/15)
Scrolls
 k - 5 scrolls of remove curse
 m - 3 scrolls of identify
Comestibles
 f - 4 fruits
 o - a bread ration


   Skills:
 + Level 6.0 Fighting
 * Level 10.1 Axes
 - Level 1.7 Throwing
 - Level 2.4 Dodging


You had 6 spell levels left.
You didn't know any spells.

Dungeon Overview and Level Annotations

Branches:
Dungeon (5/15)
 Temple: D:4-7

Altars:
Dithmenos
Yredelemnul


Innate Abilities, Weirdness & Mutations

You have a pair of small antennae on your head.
You are agile. (Dex +2)
Your muscles are strong. (Str +2)


Message History

A sky beast appears from thin air!
Reactivating autopickup.
The sky beast hits your ogre zombie. The sky beast shocks your ogre zombie.
Your ogre zombie closely misses the sky beast.
The sky beast hits your ogre zombie. The sky beast shocks your ogre zombie.
Your ogre zombie hits the sky beast with a giant club!!
The sky beast hits your ogre zombie. The sky beast shocks your ogre zombie.
The sky beast flickers out of sight!
Deactivating autopickup; reactivate with Ctrl-A.
Something hits your ogre zombie. Something shocks your ogre zombie.
You swap places.
Something hits you.
* * * LOW HITPOINT WARNING * * *
Something shocks you.
* * * LOW HITPOINT WARNING * * *
Unknown command.
You slash something! Something hits you.
* * * LOW HITPOINT WARNING * * *
Something shocks you.
You die...
Your body rises from the dead as a mindless zombie.

### ########### ######..
#.Z.......# #.......
####.#######.###.#.#.#.
#.##......##...........
#.#######.#####..#.#.#.
###>.....................
#...####†#.#.#####.#.#.#.
#.....){@Z....####.......
######..#.#.#............
#...##..................
#.#.##.#.#.#............
###.#.##..................
#...#.##.#.#.#.#+#.#####..
#.###.#..(.........#..{...
#...#....##......#.#{#####
########.#########.#.#####


You could see a friendly ogre zombie.

Vanquished Creatures
  The ghost of Eucla the Twirler, an amateur HOGl (D:4)
  A phantom (D:4)
  An ogre (D:4)
  A howler monkey (D:5)
  A hound (D:4)
  2 orc priests (D:3)
  3 orc wizards
  Ijyb (D:2)
  An iguana (D:4)
  4 adders
  An ooze (D:1)
  An adder skeleton (D:4)
  2 worms
  2 giant geckos
  16 orcs
  4 giant cockroaches
  2 gnoll zombies (D:2)
  2 goblins (D:2)
  6 hobgoblins (D:3)
  6 jackals
  A quokka (D:2)
  A ball python (D:4)
  5 bats
  A giant gecko skeleton (D:4)
  5 giant newts
  5 kobolds
  A quokka zombie (D:5)
  10 rats
87 creatures vanquished.

Vanquished Creatures (collateral kills)
  A worker ant (D:4)
1 creature vanquished.

Grand Total: 88 creatures vanquished

Notes
Turn   | Place    | Note
--------------------------------------------------------------
     0 | D:1      | Eucla the Hill Orc Gladiator began the quest for the Orb.
     0 | D:1      | Reached XP level 1. HP: 18/18 MP: 1/1
   342 | D:1      | Reached XP level 2. HP: 25/25 MP: 2/2
   547 | D:2      | Reached skill level 5 in Axes
   643 | D:2      | Reached XP level 3. HP: 29/30 MP: 3/3
   645 | D:2      | Noticed Ijyb
   664 | D:2      | Killed Ijyb
   851 | D:2      | Found a basalt altar of Yredelemnul.
   914 | D:2      | Became a worshipper of Yredelemnul the Dark
   990 | D:3      | Reached skill level 6 in Axes
   990 | D:3      | Reached XP level 4. HP: 17/38 MP: 4/4
  1002 | D:3      | Found a shadowy altar of Dithmenos.
  1357 | D:3      | Reached XP level 5. HP: 45/45 MP: 5/5
  1520 | D:3      | Gained mutation: Your muscles are strong. (Str +2) [potion of mutation]
  1520 | D:3      | Gained mutation: You have a pair of small antennae on your head. [potion of mutation]
  1520 | D:3      | Gained mutation: You are agile. (Dex +2) [potion of mutation]
  1522 | D:3      | Reached skill level 7 in Axes
  1806 | D:3      | Reached * piety under Yredelemnul
  2087 | D:4      | Reached XP level 6. HP: 20/53 MP: 6/6
  2416 | D:3      | Reached skill level 8 in Axes
  2451 | D:4      | Noticed Eucla's ghost (amateur HOGl)
  2734 | D:4      | Killed Eucla's ghost
  2734 | D:4      | Reached skill level 5 in Fighting
  2734 | D:4      | Reached skill level 9 in Axes
  2734 | D:4      | Reached XP level 7. HP: 26/61 MP: 7/7
  3227 | D:4      | Reached skill level 10 in Axes
  3369 | D:5      | Entered Level 5 of the Dungeon
  3428 | D:4      | Slain by a sky beast

Skill      XL: |  1  2  3  4  5  6  7 |
---------------+----------------------+-----
Axes           | 5 6 7 9 10 | 10.1
Fighting       | 3 4 5 6 |  6.0
Throwing       | |  1.7
Dodging        | |  2.4

Action                   |  1- 3 |  4- 6 |  7- 9 || total
-------------------------+-------+-------+-------++-------
Melee: War axe           |   115 |   109 |       ||   224
       Hand axe          |       |    19 |    51 ||    70
Invok: Animate Remains   |       |     1 |     1 ||     2
Evoke: Wand              |       |     4 |     1 ||     5
  Use: Potion            |       |     4 |       ||     4
       Scroll            |       |     6 |       ||     6
 Stab: Sleeping          |       |       |     1 ||     1
  Eat: Chunk             |       |     6 |     2 ||     8
       Bread ration      |       |     1 |       ||     1
Armor: Leather armour    |    42 |    32 |     8 ||    82
Dodge: Dodged            |    81 |    98 |    39 ||   218
